AoeStats
← tr3tr2tr1

Arena

509354957Analyzed
1v1 RM · 5d ago on Sep 26, 2026· 52m 17s· 2 players
Game mode
Random Map
Map size
Tiny (2 player)
Population
200
Speed
Normal
Resources
Standard
Victory
Conquest
Starting age
Dark Age
Ending age
Imperial Age
RankedLock teamsTeams togetherTeam positionsShared explorationLock speedFull tech treeHidden civsTurbo modeCheats
Victory
Defeat
🇹🇷 Khmer · Türkiye
600
+14
🇨🇴 Turks · Colombia
564
-14
David19913038
12:47 Feudal Age
13:24 Double-Bit Axe
13:22 Horse Collar
13:35 Gold Mining
21:38 Castle Age
20:47 Stone Mining
23:44 Bow Saw
31:34 Bloodlines
31:33 Fletching
33:29 Wheelbarrow
32:40 Loom
32:40 Town Watch
35:32 Heavy Plow
38:15 Imperial Age
36:32 Gold Shaft Mining
36:48 Husbandry
38:35 Bodkin Arrow
38:46 Scale Barding Armor
38:42 Scale Mail Armor
38:46 Padded Archer Armor
38:57 Forging
39:25 Conscription
39:16 Town Patrol
39:32 Hand Cart
40:21 Two-Man Saw
43:50 Ballistics
43:26 Murder Holes
43:45 Bracer
44:06 Chain Barding Armor
44:02 Leather Archer Armor
44:23 Iron Casting
45:55 Masonry
47:11 Cavalier
51:26 Plate Barding Armor
51:53 Blast Furnace
51:25 Ring Archer Armor
tr3tr2tr1
9:20 Feudal Age
9:51 Double-Bit Axe
11:10 Horse Collar
14:47 Gold Mining
18:47 Castle Age
20:42 Bow Saw
20:37 Heavy Plow
23:30 Husbandry
25:00 Gold Shaft Mining
24:18 Stone Mining
25:47 Forging
25:43 Scale Barding Armor
26:31 Wheelbarrow
25:42 Town Watch
28:15 Hand Cart
29:52 Town Patrol
33:54 Imperial Age
34:00 Imperial Age
34:57 Stone Shaft Mining
34:46 Chain Barding Armor
35:02 Iron Casting
34:54 Double Crossbow
35:24 Heavy Scorpion
35:28 Cavalier
38:18 Blast Furnace
38:32 Plate Barding Armor
40:30 Padded Archer Armor
43:21 Chemistry
42:42 Ballistics
46:59 Bloodlines
46:11 Light Cavalry
49:19 Hussar
49:44 Capped Ram
50:42 Siege Ram
Connection lost

Rejoining the realm…

Still unreachable

The connection could not be restored.

Session expired

The server has moved on; the page needs a fresh start.